 Dungeon Crawl Stone Soup version 0.29.1-2-gbd0b4ee654 (webtiles) character file.

Game seed: 11065797809994275219

13 zeram the Covered (level 2, -1/19 HPs)
             Began as a Gargoyle Fighter on Nov 13, 2022.
             Slain by a hobgoblin (4 damage)
             ... on level 1 of the Dungeon.
             The game lasted 00:00:33 (201 turns).

zeram the Covered (Gargoyle Fighter)                 Turns: 201, Time: 00:00:34

Health: -1/19      AC:  9    Str: 19    XL:     2   Next: 37%
Magic:  2/2        EV:  9    Int:  8    God:
Gold:   0          SH:  4    Dex:  9    Spells: 1/1 levels left

rFire   . . .      SeeInvis .   a - +0 flail
rCold   . . .      Faith    .   c - +0 buckler
rNeg    + . .      Spirit   .   b - +0 scale mail
rPois   ∞          Reflect  .   (no helmet)
rElec   +          Harm     .   (no cloak)
rCorr   .          Rampage  .   (no gloves)
Will    .....                   (no boots)
Stlth   ..........              (no amulet)
HPRegen 0.06/turn               (no ring)
MPRegen 0.08/turn               (no ring)

@: mighty
A: sickness immunity, AC +2, negative energy resistance 1, electricity
resistance, torment resistance 1, petrification resistance
a: no special abilities


You were on level 1 of the Dungeon.
You visited 1 branch of the dungeon, and saw 1 of its levels.

Inventory:

Hand Weapons
 a - a +0 flail (weapon)
Armour
 b - a +0 scale mail (worn)
 c - a +0 buckler (worn)
Scrolls
 f - a scroll of identify {unknown}
Potions
 e - 2 potions of heal wounds {unknown}
 g - a potion of degeneration {unknown}


   Skills:
 + Level 3.5 Fighting
 + Level 2.1 Maces & Flails
 + Level 3.5 Armour
 + Level 3.5 Shields


You had one spell level left.
You didn't know any spells.
Your spell library contained the following spells:

 Spells                   Type           Power      Damage    Failure   Level
 Portal Projectile        Hex/Tloc       0%         N/A       99%         3
 Tukima's Dance           Hex            0%         N/A       99%         3
 Blade Hands              Tmut           0%         N/A       100%        5


Dungeon Overview and Level Annotations

Branches:
Dungeon (1/15)

Altars:


Innate Abilities, Weirdness & Mutations

You are immune to sickness and miasma.
Your stone body is resilient. (AC +2)
You are immune to poison.
You resist negative energy. (rN+)
You are resistant to electric shocks. (rElec)
You are resistant to unholy torment.
You are immune to petrification.


Message History

You sock the ball python!
You kill the ball python!
No target in view!
No target in view!
No target in view!
No target in view!
No target in view!
No target in view!
You see here a ball python corpse.
A hobgoblin comes into view.
A hobgoblin is nearby!
A hobgoblin is nearby!
A hobgoblin is nearby!
A hobgoblin is nearby!
A gnoll and an endoplasm come into view.
The gnoll shouts!
The endoplasm quivers.
Found a ring mail.
The gnoll hits you with a +0 club. The endoplasm hits you.
You closely miss the gnoll. You block the gnoll's attack.
The endoplasm closely misses you.
You sock the gnoll!
The gnoll is severely wounded.
The gnoll hits you but does no damage. You block the hobgoblin's attack.
The endoplasm freezes you.
You are frozen.
The endoplasm hits you. The hobgoblin hits you.
* * * LOW HITPOINT WARNING * * *
The gnoll hits you but does no damage. The endoplasm attacks as you move away!
The endoplasm closely misses you.
You feel very mighty all of a sudden. The gnoll hits you with a +0 club.
* * * LOW HITPOINT WARNING * * *
You thump the gnoll!
You kill the gnoll!
You have reached level 2!
You barely miss the endoplasm. You block the endoplasm's attack.
Unknown command.
You thump the endoplasm!
You kill the endoplasm!
The hobgoblin hits you.
You die...

...# #..# #..# #.$#
# ######..###.###
...............
[........#
..#########g### ..#
...## #8.@.8#
..###..#.. ###.###
... ...... #8...8#
#.# #..#.# ###.###
#.# #..#.# #8...8#
#.# #..#.## ###.###
#.###.....###8...8#
##....)......###.###
...###.....####..#


You could see a hobgoblin.

Vanquished Creatures
  A gnoll (D:1)
  An endoplasm (D:1)
  3 goblins (D:1)
  A ball python (D:1)
6 creatures vanquished.

Notes
Turn   | Place    | Note
-------+----------+-------------------------------------------
     0 | D:1      | zeram the Gargoyle Fighter began the quest for the Orb.
     0 | D:1      | Reached XP level 1. HP: 14/14 MP: 1/1
   200 | D:1      | Reached XP level 2. HP: 3/19 MP: 2/2
   201 | D:1      | Slain by a hobgoblin

Illustrated notes

Levels and vault maps discovered:
D:1:      lightli_arrival_windingriver, layout_loops_ring, serial_forest,
          infiniplex_forest_lined_2, infiniplex_forest_straight_2,
          infiniplex_forest_clump_small, infiniplex_forest_clump_small,
          infiniplex_forest_clump_tiny, minmay_misc_feat_hallway

Action                   || total
-------------------------++-------
Melee: Flail             ||    14
  Use: Potion            ||     1
Armor: Scale mail        ||     6
Dodge: Dodged            ||     6
Block: Buckler           ||     3
